 Dungeon Crawl Stone Soup version 0.28.0-53-g5a82cb258f (webtiles) character file.

Game seed: 18040121119949661201

107 styxcanada the Covert (level 4, 0/23 HPs)
             Began as a Spriggan Brigand on Aug 8, 2022.
             Killed by nerve-wracking pain
             ... invoked by Grinder
              (5 damage)
             ... on level 2 of the Dungeon.
             The game lasted 00:09:07 (2104 turns).

styxcanada the Covert (Spriggan Brigand)            Turns: 2104, Time: 00:09:07

Health: 0/23       AC:  5    Str:  7    XL:     4   Next: 57%
Magic:  5/5        EV: 18    Int: 12    God:
Gold:   163        SH:  0    Dex: 24    Spells: 3/3 levels left

rFire   . . .      SeeInvis +   a - +2 dagger
rCold   . . .      Faith    .   (no shield)
rNeg    . . .      Spirit   .   b - +0 robe
rPois   .          Reflect  .   (helmet restricted)
rElec   .          Harm     .   p - +2 cloak
rCorr   .          Rampage  .   (gloves unavailable)
Will    .....                   (boots unavailable)
Stlth   ++++......              (no amulet)
HPRegen 0.07/turn               n - +6 ring of dexterity
MPRegen 0.09/turn               (no ring)

@: very quick
A: very small, no large weapons, unfitting armour, see invisible, speed 3
a: no special abilities


You were on level 2 of the Dungeon.
You visited 1 branch of the dungeon, and saw 3 of its levels.

You collected 163 gold pieces.

Inventory:

Hand Weapons
 a - a +2 dagger (weapon)
 o - a +3 quarterstaff of chaos
Missiles
 c - 20 sling bullets
 e - 2 curare-tipped darts (quivered)
 i - 98 stones
 r - 3 boomerangs
Armour
 b - a +0 robe (worn)
 p - a +2 cloak (worn)
Magical Staves
 h - a staff of poison
Jewellery
 n - a +6 ring of dexterity (left hand)
Scrolls
 k - a scroll of amnesia {unknown}
 l - a scroll of acquirement {unknown}
 q - a scroll of identify {unknown}
 s - a scroll of magic mapping {unknown}
Potions
 g - a potion of mutation {unknown}
 j - 2 potions of curing
 m - a potion of lignification {unknown}
 t - a potion of degeneration {unknown}


   Skills:
 * Level 2.0 Fighting
 + Level 2.8 Short Blades
 + Level 2.2 Throwing
 * Level 2.2 Dodging
 * Level 8.0 Stealth


You had 3 spell levels left.
You didn't know any spells.
Your spell library contained the following spells:

 Spells                   Type           Power      Damage    Failure   Level
 Petrify                  Tmut/Erth      0%         N/A       97%         4
 Metabolic Englaciation   Hex/Ice        0%         N/A       100%        5
 Statue Form              Tmut/Erth      0%         N/A       100%        6


Dungeon Overview and Level Annotations

Branches:
Dungeon (3/15)

Altars:

Annotations:
D:2 Grinder


Innate Abilities, Weirdness & Mutations

You are very small and have problems with some larger weapons.
You are too small for most types of armour.
You have supernaturally acute eyesight. (SInv)
You cover ground extremely quickly. (Speed+++)


Message History

Throw: 3 darts (poison)
Press: ? - help, Q - select action, (/) - cycle Shift-Dir - straight line, f/p - Grinder
Aim: Grinder (lightly wounded, 63% to hit)
You throw a poisoned dart. The poisoned dart hits Grinder.
Grinder is lightly wounded.
Grinder blinks!
You see here 5 gold pieces.
You now have 163 gold pieces (gained 5).
Throw: 2 darts (poison)
Press: ? - help, Q - select action, (/) - cycle Shift-Dir - straight line, f/p - Grinder
Aim: Grinder (lightly wounded, 63% to hit)
You throw a poisoned dart. The poisoned dart hits Grinder!
Grinder is lightly wounded.
Grinder gestures at you. Pain shoots through your body!
Ouch! That really hurt!
* * * LOW HITPOINT WARNING * * *
You feel better. Grinder gestures at you.
You struggle to resist.
Throw: dart (poison)
Press: ? - help, Q - select action, (/) - cycle Shift-Dir - straight line, f/p - Grinder
Aim: Grinder (lightly wounded, 63% to hit)
You throw a poisoned dart. The poisoned dart hits Grinder.
Grinder is lightly wounded.
Grinder blinks!
There is a stone staircase leading up here.
Grinder barely misses you.
You climb upwards.
There is a stone staircase leading down here.
Grinder rolls her eyes.
Grinder gestures at you. Pain shoots through your body!
* * * LOW HITPOINT WARNING * * *
There is a stone staircase leading down here.
You start resting.
Grinder is nearby!
Grinder gestures at you. Pain shoots through your body!
You die...

#######...# ##.........####
#...# ######.########
#...######.......#
#...........5....# #######
#######...#####...###..# #....†#
.......................###.....#
....................#..........#
.......................###.....#
#.#####...#####.@......# #.....#
#.# #................#########
..# #...#####...............#
### #...# ##...###.##.#####.# #
#...# #....# ####.#####.# #
#...# #....# #......##.#
#######...# #....# ###.##.##.###
#........# #...## #.......#..
##.####.### ##.## ####.####.#


You could see Grinder.

Vanquished Creatures
  Crazy Yiuf (D:2)
  A gnoll (D:1)
  2 adders
  2 worms
  3 bats
  4 endoplasms
  A giant cockroach (D:1)
  3 goblins
  2 hobgoblins
  4 jackals (D:3)
  6 kobolds
  3 quokkas (D:1)
  6 ball pythons
  4 frilled lizards
  A rat (D:1)
43 creatures vanquished.

Notes
Turn   | Place    | Note
-------+----------+-------------------------------------------
     0 | D:1      | styxcanada the Spriggan Brigand began the quest for the
                  | Orb.
     0 | D:1      | Reached XP level 1. HP: 10/10 MP: 2/2
    39 | D:1      | Reached skill level 6 in Stealth
    95 | D:1      | Reached XP level 2. HP: 6/14 MP: 3/3
   421 | D:1      | Reached skill level 7 in Stealth
   438 | D:1      | Reached XP level 3. HP: 17/18 MP: 4/4
   590 | D:1      | Found a faded altar of an unknown god.
  1101 | D:2      | Found a runed translucent door.
  1102 | D:2      | Noticed Crazy Yiuf
  1109 | D:2      | Killed Crazy Yiuf
  1110 | D:2      | Reached XP level 4. HP: 23/23 MP: 5/5
  1978 | D:3      | Reached skill level 8 in Stealth
  2046 | D:3      | Noticed Grinder
  2104 | D:2      | Killed from afar by Grinder

Illustrated notes

Levels and vault maps discovered:
D:1:      dpeg_arrival_windows_large_door, layout_rooms,
          shapermc_ecumenical_altar_petra
D:2:      layout_loops_cross, uniq_crazy_yiuf_cottage
D:3:      layout_loops_ring, gammafunk_temple_overflow_statue,
          portal_sewer_entry_a, serial_glass, glass_columns_b, glass_columns_a,
          uniq_grinder

Skill      XL: |  1  2  3  4 |
---------------+-------------+-----
Stealth        | 6 7 8 |  8.0
Dodging        | 2 |  2.2
Fighting       | 2 |  2.0
Short Blades   | |  2.8
Throwing       | |  2.2

Action                   |  1- 3 |  4- 6 || total
-------------------------+-------+-------++-------
Melee: Dagger            |    64 |    57 ||   121
Throw: Dart              |    16 |    14 ||    30
  Use: Potion            |       |     3 ||     3
 Stab: Sleeping          |    10 |     4 ||    14
Armor: Robe              |     5 |     7 ||    12
Dodge: Dodged            |    41 |    39 ||    80
